 Dungeon Crawl Stone Soup version 0.31.0-12-g77e489cdc1 (webtiles) character file.

Game seed: 1347818695296237301

374 Killerpretzel the Changeling (level 6, 0/41 HPs)
             Began as an Octopode Shapeshifter on Feb 24, 2024.
             Hit by a stone thrown by a kobold (1 damage)
             ... in a sewer on Feb 25, 2024.
             The game lasted 00:03:31 (2422 turns).

Killerpretzel the Changeling (OpSh)                 Turns: 2422, Time: 00:03:32

Health: 0/41       AC:  1    Str: 13    XL:     6   Next: 72%
Magic:  6/6        EV: 14    Int: 12    God:
Gold:   113        SH:  0    Dex: 14    Spells: 5/5 levels left

rFire   . .          .
                       - Unarmed
rCold   . . .        (no shield)
rNeg    . . .        (helmet currently unavailable)
rPois   .            (no amulet)
rElec   .            (no ring)
rCorr   .            (no ring)
SInv    .            (no ring)
Will    .....        (no ring)
Stlth   +++          (no ring)
HPRegen 0.26/turn    (no ring)
MPRegen 0.10/turn    (no ring)
                     (no ring)

%: no passive effects
@: beast-form
A: beast (slay +2), almost no armour, amphibious, 8 rings, camouflage 1,
gelatinous body 1, nimble swimmer 1, tentacles
a: Begin Untransformation


You were in a sewer.
You were a hulking beast.
You visited 1 branch of the dungeon, and saw 3 of its levels.
You also visited: Sewer.

You collected 113 gold pieces.

Inventory:

Talismans
 b - a beast talisman
 c - a flux talisman
Wands
 h - a wand of paralysis (11)
Scrolls
 e - 2 scrolls of identify
 i - 2 scrolls of poison {unknown}
Potions
 d - a potion of haste
 f - a potion of degeneration
 j - a potion of mutation {unknown}
 k - a potion of magic {unknown}
 l - 2 potions of cancellation {unknown}
 m - 3 potions of brilliance {unknown}


   Skills:
 + Level 2.9 Fighting
 + Level 3.4 Dodging
 + Level 4.2 Unarmed Combat
 * Level 4.8 Shapeshifting


You had 5 spell levels left.
You didn't know any spells.
Your spell library contained the following spells:

 Spells                   Type           Power      Damage    Failure   Level
 Apportation              Tloc           0%         N/A       32%         1
 Necrotise                Necr           0%         1d4       32%         1
 Sting                    Conj/Alch      0%         1d3       32%         1
 Summon Small Mammal      Summ           0%         N/A       32%         1


Dungeon Overview and Level Annotations

Branches:
Dungeon (3/15)              Sewer (1/1)

Altars:
Qazlal
Wu Jian


Innate Abilities, Weirdness & Mutations

You are a hulking beast.
Your limbs bulge with bestial killing power. (Slay +2)
You cannot wear most types of armour.
You are amphibious.
You can wear up to eight rings at the same time.
Your skin changes colour to match your surroundings (Stealth+).
Your rubbery body absorbs attacks. (AC +1, EV +1)
You are camouflaged when in or above water. (Stealth+)
You have tentacles for arms and can constrict up to eight enemies at once.


Message History

The kobold brigand hits you with a +0 dagger.
You tentacle-slap the kobold brigand. You squeeze the kobold brigand!
The kobold brigand is heavily wounded.
You constrict the kobold brigand.
You feel sick. The rat bites you. The rat barely misses you.
The river rat misses you. The kobold brigand barely misses you.
You are too injured to fight recklessly!
There are monsters nearby!
You bludgeon the kobold brigand!
You squeeze the kobold brigand, but do no damage.
The kobold brigand is severely wounded.
You constrict the kobold brigand.
You feel sick. The rat completely misses you. The rat closely misses you.
The river rat bites you! The kobold brigand barely misses you.
You tentacle-slap the kobold brigand. You squeeze the kobold brigand.
You kill the kobold brigand!
You feel sick.
You are no longer poisoned.
The rat bites you. The river rat bites you. The rat bites you.
You tentacle-slap the river rat but do no damage.
Your grab misses the river rat. The rat misses you. The rat closely misses you.
The river rat bites you!
* * * LOW HITPOINT WARNING * * *
The kobold throws a stone.
The stone hits you.
* * * LOW HITPOINT WARNING * * *
You tentacle-slap the river rat. Your grab misses the river rat.
You squeeze the river rat, but do no damage.
The river rat is moderately wounded.
The rat closely misses you. The rat bites you.
* * * LOW HITPOINT WARNING * * *
The river rat bites you.
* * * LOW HITPOINT WARNING * * *
The kobold throws a stone.
The stone hits you.
* * * LOW HITPOINT WARNING * * *
You enter the shallow water.
The rat bites you.
* * * LOW HITPOINT WARNING * * *
The river rat attacks as it pursues you!
The river rat closely misses you.
The kobold throws a stone.
The stone hits you.
You die...

##.....~≈≈~.....###.#
##......~≈≈~.....###∩#
#...##..~~~~~.....####
#...###.~~≈~~.....##
##...##~~≈≈≈~~.....#
#...#.~~≈≈≈~r.)...##
##....~~≈≈≈~r......#
#....~≈≈≈≈≈K......#
##.÷..~~≈≈h≈r~.....#
##....~~~≈≈≈≈~~....##
#..÷÷.~~~≈≈≈≈~~...##
#.....#≈≈≈≈≈≈≈~...#
#....##≈≈≈≈≈≈≈~...#
#....#~~≈≈≈≈≈≈~....#
##....~≈≈≈≈≈≈≈≈~....#
#....~~≈≈≈≈≈≈≈≈~...#
#.).)~~~≈≈≈≈≈≈≈~...


You could see a river rat, a kobold and 2 rats.

Vanquished Creatures
  2 kobold brigands (Sewer)
  A bombardier beetle (D:3)
  7 adders
  5 river rats
  A dart slug (D:1)
  2 ribbon worms
  An orc (D:3)
  10 ball pythons
  3 endoplasms
  3 giant cockroaches
  6 goblins
  5 hobgoblins
  8 jackals
  3 quokkas
  6 bats
  3 frilled lizards
  13 kobolds
  18 rats
97 creatures vanquished.

Notes
Turn   | Place    | Note
-------+----------+-------------------------------------------
     0 | D:1      | Killerpretzel the Octopode Shapeshifter began the quest for
                  | the Orb.
     0 | D:1      | Reached XP level 1. HP: 13/13 MP: 1/1
   274 | D:1      | Reached XP level 2. HP: 18/18 MP: 2/2
   534 | D:1      | Reached XP level 3. HP: 23/23 MP: 3/3
  1066 | D:2      | Reached XP level 4. HP: 20/29 MP: 4/4
  1615 | D:3      | Found a stormy altar of Qazlal.
  1646 | D:3      | Reached XP level 5. HP: 34/34 MP: 5/5
  1654 | D:3      | Found an ornate altar of the Wu Jian Council.
  1876 | D:3      | Found a glowing drain.
  1885 | Sewer    | Entered a sewer
  2180 | Sewer    | Reached XP level 6. HP: 37/41 MP: 6/6
  2420 | Sewer    | HP: 1/41 [rat (2)]
  2422 | Sewer    | Hit by a stone thrown by a kobold

Illustrated notes

Levels and vault maps discovered:
D:1:      amcnicky_arrival_single_pillar, layout_loops_ring
D:2:      layout_rooms, minmay_misc_feat_cross, minmay_door_square
D:3:      layout_loops_ring, nicolae_vehumet_radiance,
          mainiacjoe_overflow_catch_the_wave, gup_sewer_entry_bubbles
Sewer:    sewer_minmay_treatment

Skill      XL: |  1  2  3  4  5  6 |
---------------+-------------------+-----
Fighting       | 2 |  2.9
Shapeshifting  | 4 |  4.8
Dodging        | 3 |  3.4
Unarmed Combat | 4 |  4.2

Action                     |  1- 3 |  4- 6 || total
---------------------------+-------+-------++-------
  Melee: Unarmed           |    64 |   119 ||   183
         Constrict         |    18 |    28 ||    46
         Tentacles         |     8 |    26 ||    34
         Punch             |     2 |     2 ||     4
    Use: Scroll            |     3 |     4 ||     7
         Potion            |       |     2 ||     2
   Stab: Sleeping          |     6 |     4 ||    10
 Armour: Skin              |    22 |    53 ||    75
  Dodge: Dodged            |    37 |    68 ||   105
